 Dungeon Crawl Stone Soup version 0.28-a0-998-gb9e9c7b67e (webtiles) character file.

Game seed: 1323150390322899648

36 vurker the Gusty (level 3, 15/15 HPs)
             Began as a Felid Air Elementalist on Dec 5, 2021.
             Quit the game on level 1 of the Dungeon.
             The game lasted 00:02:37 (2596 turns).

vurker the Gusty (Felid Air Elementalist)           Turns: 2596, Time: 00:02:38

Health: 15/15      AC:  1    Str:  4    XL:     3   Next: 19%
Magic:  8/8        EV: 17    Int: 18    God:
Gold:   60         SH:  0    Dex: 16    Spells: 6/7 levels left
                                        Lives:  0   Deaths: 1

rFire   . . .      SeeInvis +   (weapon unavailable)
rCold   . . .      Faith    .   (shield unavailable)
rNeg    + . .      Spirit   .   (armour unavailable)
rPois   .          Reflect  .   (helmet unavailable)
rElec   .          Harm     .   (cloak unavailable)
rCorr   .          Rampage  .   (gloves unavailable)
Will    .....                   (boots unavailable)
Stlth   ++........              (no amulet)
HPRegen 0.05/turn               e - ring of positive energy
MPRegen 0.11/turn               (no ring)

@: quick
A: very small, claws 1, fangs 3, see invisible, speed 1, shaggy fur 1, stealthy
paws, no weapons or thrown items, no armour, multi-lived
a: no special abilities


You were on level 1 of the Dungeon.
You visited 1 branch of the dungeon, and saw 2 of its levels.

You collected 60 gold pieces.

Inventory:

Jewellery
 e - a ring of positive energy (left paw)
   (You found it on level 2 of the Dungeon)
Scrolls
 a - 2 scrolls of identify {unknown}
 b - a scroll of amnesia {unknown}
 d - a scroll of teleportation {unknown}
Potions
 c - a potion of brilliance {unknown}


   Skills:
 + Level 1.3 Fighting
 - Level 2.6 Dodging
 - Level 2.6 Stealth
 * Level 2.9 Spellcasting
 + Level 1.6 Conjurations
 * Level 3.4 Air Magic


You had 6 spell levels left.
You knew the following spells:

 Your Spells              Type           Power      Damage    Failure   Level
a - Shock                 Conj/Air       44%        1d5       6%          1

Your spell library contained the following spells:

 Spells                   Type           Power      Damage    Failure   Level
 Static Discharge         Conj/Air       11%        N/A       9%          2
 Swiftness                Air            14%        N/A       12%         3
 Airstrike                Air            7%         N/A       38%         4


Dungeon Overview and Level Annotations

Branches:
Dungeon (2/15)

Altars:

Annotations:
D:2 Robin


Innate Abilities, Weirdness & Mutations

You have sharp claws.
You have razor-sharp teeth.
You have supernaturally acute eyesight. (SInv)
You cover ground quickly. (Speed+)
You are covered in fur. (AC +1)
Your paws help you pounce on unaware monsters.
You are incapable of wielding weapons or throwing items.
You cannot wear armour.
You gain extra lives every three experience levels.


Message History

You hear a shout!
Robin is nearby!
The zap hits Robin.
Robin throws the goblin at you!
The zap hits Robin.
The goblin completely misses you.
There is a stone staircase leading up here.
The goblin misses you.
You climb upwards.
There is a stone staircase leading down here.
That beam is likely to hit you.
Continue anyway? [Y]es or [N]o only, please.
That beam is likely to hit you.
Continue anyway? [Y]es or [N]o only, please.
That beam is likely to hit you.
Continue anyway?
Okay, then.
The zap hits the goblin. x2
You kill the goblin!
You can't see any susceptible monsters within range! (Use Z to cast anyway.)
You can't see any susceptible monsters within range! (Use Z to cast anyway.)
You see here a +0 dagger.
You start resting.
There is a stone staircase leading down here.
You start resting.
You climb downwards.
Level annotation: Robin
There is a stone staircase leading up here.
Aim: Robin, wielding a +0 spear, wearing a +2 animal skin, wearing a +0 helmet and carrying a wand of flame (30) (77% to hit)
The zap hits Robin.
Robin is nearby!
Aim: Robin, wielding a +0 spear, wearing a +2 animal skin, wearing a +0 helmet and carrying a wand of flame (30) (lightly wounded, 77% to hit)
The zap hits Robin.
Robin zaps a wand.
The puff of flame hits you!
Aim: Robin, wielding a +0 spear, wearing a +2 animal skin, wearing a +0 helmet and carrying a wand of flame (29) (lightly wounded, 77% to hit)
The zap misses Robin.
Robin is nearby!
Aim: Robin, wielding a +0 spear, wearing a +2 animal skin, wearing a +0 helmet and carrying a wand of flame (29) (lightly wounded, 77% to hit)
The zap misses Robin.
Robin throws the goblin at you! The goblin misses you.
Robin zaps a wand.
The puff of flame hits you!
* * * LOW HITPOINT WARNING * * *
The goblin hits you with a +0 dagger of speed.
* * * LOW HITPOINT WARNING * * *
You climb upwards.
There is a stone staircase leading down here.
The goblin unwields a +0 dagger of speed.
The goblin wields a +0 hunting sling.
The goblin shoots a stone.
The stone hits you.
You die...
You are now level 3!
You rejoin the land of the living...

##..########## #.#.
#..# #.#. #..# #.#.
#>.# #.#. #..########
#.#. #.........# #.#.
#.#######.# #.#.
#.#######.#########.#.
#....@................
#########...........##
#############


There were no monsters in sight!

Vanquished Creatures
  Jessica (D:2)
  2 gnolls (D:2)
  A worm (D:1)
  2 ball pythons (D:1)
  4 bats
  An endoplasm (D:1)
  2 giant cockroaches (D:1)
  8 goblins
  3 hobgoblins (D:2)
  2 kobolds (D:1)
  A quokka (D:2)
  A frilled lizard (D:1)
  3 rats
31 creatures vanquished.

Vanquished Creatures (others)
  9 toadstools (D:2)
9 creatures vanquished.

Grand Total: 40 creatures vanquished

Notes
Turn   | Place    | Note
-------+----------+-------------------------------------------
     0 | D:1      | vurker the Felid Air Elementalist began the quest for the
                  | Orb.
     0 | D:1      | Reached XP level 1. HP: 7/7 MP: 4/4
    50 | D:1      | Reached skill level 1 in Conjurations
   253 | D:1      | Reached XP level 2. HP: 12/12 MP: 4/6
   545 | D:1      | Found a faded altar of an unknown god.
   878 | D:1      | Reached skill level 3 in Air Magic
  1978 | D:1      | Found a faded altar of an unknown god.
  2314 | D:2      | Noticed Jessica
  2317 | D:2      | Killed Jessica
  2318 | D:2      | Reached skill level 1 in Fighting
  2318 | D:2      | Reached XP level 3. HP: 15/15 MP: 3/7
  2445 | D:2      | Reached XP level 4. HP: 19/19 MP: 3/9
  2505 | D:2      | Noticed Robin
  2595 | D:1      | Shot with a stone by a goblin
  2596 | D:1      | Reached XP level 3. HP: -2/15 MP: 6/8
  2596 | D:1      | Quit the game

Illustrated notes

Levels and vault maps discovered:
D:1:      psy_arrival_fountain, layout_loops_ring, ebering_ecumenical_altar_webs
D:2:      cheibrodos_fertilizer, layout_loops_cross, uniq_natasha, uniq_robin,
          uniq_sigmund, uniq_jessica

Skill      XL: |  1  2 |
---------------+-------+-----
Conjurations   | 1 |  1.6
Air Magic      | 3 |  3.4
Fighting       | 1 |  1.3
Dodging        | |  2.6
Stealth        | |  2.6
Spellcasting   | |  2.9

Action                   |  1- 3 |  4- 6 || total
-------------------------+-------+-------++-------
Melee: Unarmed           |    12 |       ||    12
 Cast: Shock             |    68 |    13 ||    81
Dodge: Dodged            |    12 |     3 ||    15

Table legend: (Time is in decaauts)
 A = Elapsed time spent in this place.
 B = Non-inter-level travel time spent in this place.
 C = Inter-level travel time spent in this place.
 D = Time resting spent in this place.
 E = Time spent auto-exploring this place.
 F = Levels seen in this place.
 G = Mean time per level.
                   A        B        C        D        E       F      G
               +--------+--------+--------+--------+--------+-----+--------+
         Total |   2338 |   2297 |     41 |    346 |   1660 |   2 | 1169.0 |
       Dungeon |   2338 |   2297 |     41 |    346 |   1660 |   2 | 1169.0 |
               +--------+--------+--------+--------+--------+-----+--------+

Top non-repeatable levels by time:
     D:1: 2000 daAuts
     D:2: 338 daAuts
